 Dungeon Crawl Stone Soup version 0.22-a0-609-gfedc9ff (webtiles) character file.

7693 Amnesiac the Thaumaturge (level 11, 0/67 HPs)
             Began as a Deep Elf Wizard on July 10, 2018.
             Was an Elder of Sif Muna.
             Slain by an elephant (1 damage)
             ... on level 11 of the Dungeon.
             The game lasted 00:22:00 (10404 turns).

Amnesiac the Thaumaturge (Deep Elf Wizard)         Turns: 10404, Time: 00:22:01

Health: 0/67       AC:  5    Str:  4    XL:     11   Next: 0%
Magic:  3/30       EV:  2    Int: 32    God:    Sif Muna [****..]
Gold:   114        SH:  0    Dex: 13    Spells: 4/36 levels left

rFire    + . .     SeeInvis .   a - +0 dagger (drain)
rCold    + . .     Gourm    .   (no shield)
rNeg     + + +     Faith    .   F - +0 robe {rC+ rF+}
rPois    ∞         Spirit   .   (no helmet)
rElec    .         Reflect  .   n - scarf {repulsion}
rCorr    .         Harm     .   (no gloves)
MR       +....                  h - +0 pair of boots
Stlth    ++........             (no amulet)
HPRegen  0.21/turn              i - +2 ring of protection
MPRegen  0.22/turn              v - +5 ring of intelligence

@: petrified, divine energy, repel missiles
A: no striking features
a: Stop Divine Energy, Channel Magic, Forget Spell, Renounce Religion


You were on level 11 of the Dungeon.
You worshipped Sif Muna.
Sif Muna was greatly pleased with you.
You were not hungry.

You visited 2 branches of the dungeon, and saw 12 of its levels.
You also visited: Sewer.

You collected 582 gold pieces.
You spent 468 gold pieces at shops.

Inventory:

Hand Weapons
 a - a +0 dagger of draining (weapon)
 b - a +0 blowgun
Missiles
 y - 84 poisoned needles
Armour
 h - a +0 pair of boots (worn)
 l - a scarf of cloud immunity
 n - a scarf of repulsion (worn)
 F - a +0 robe of resistance (worn)
 K - a +0 buckler
Jewellery
 i - a +2 ring of protection (left hand)
 q - an uncursed ring of resist corrosion
 v - a +5 ring of intelligence (right hand)
 E - an uncursed ring of protection from fire
 M - an uncursed ring of flight
Wands
 k - a wand of flame (64)
 o - a wand of paralysis (19)
 G - a wand of acid (14)
 J - a wand of digging (6)
Scrolls
 e - a scroll of random uselessness {!r, unknown}
 f - 5 scrolls of magic mapping {!r}
 j - 4 scrolls of teleportation {!r, unknown}
 w - 6 scrolls of blinking {!r, unknown}
 x - 2 scrolls of fear {!r}
 z - a scroll of enchant weapon {!r}
 C - 3 scrolls of remove curse {!r, unknown}
 N - a scroll of identify {!r}
Potions
 c - a potion of ambrosia {!q}
 g - 4 potions of curing {!q}
 m - 3 potions of flight {!q}
 p - 5 potions of haste {!q}
 r - 2 potions of agility {!q, unknown}
 s - 3 potions of brilliance {!q, unknown}
 t - 2 potions of lignification {!q, unknown}
 u - 3 potions of heal wounds {!q}
 A - 2 potions of might {!q, unknown}
 B - a potion of magic {!q}
 D - 4 potions of berserk rage {!q}
 H - a potion of resistance {!q}
 L - 2 potions of mutation {!q}
Comestibles
 d - 18 rations


   Skills:
 - Level 7.2 Fighting
 - Level 7.2 Dodging
 - Level 2.4 Stealth
 - Level 13.0 Spellcasting
 + Level 6.9 Conjurations
 - Level 1.1 Summonings
 - Level 1.1 Translocations
 - Level 5.0 Fire Magic
 - Level 5.0 Ice Magic


You had 4 spell levels left.
You knew the following spells:

 Your Spells              Type           Power        Failure   Level  Hunger
a - Poisonous Vapours     Pois/Air       ###...       3%          2    None
b - Call Imp              Summ           ####....     2%          2    None
c - Freezing Cloud        Conj/Ice/Air   #####.....   54%         6    ####...
d - Fireball              Conj/Fire      ######....   5%          5    None
e - Mephitic Cloud        Conj/Pois/Air  #####...     2%          3    None
f - Magic Dart            Conj           ####         1%          1    None
r - Regeneration          Chrm/Necr      ###.......   7%          3    None
s - Conjure Flame         Conj/Fire      ######..     1%          3    None
v - Blink                 Tloc           N/A          2%          2    None
w - Irradiate             Conj/Tmut      #####.....   16%         5    None

Your spell library contained the following spells:

 Spells                   Type           Power        Failure   Level  Hunger
 Slow                     Hex            ###.....     3%          2    None
 Throw Flame              Conj/Fire      ######       1%          2    None
 Ring of Flames           Chrm/Fire      #####.....   100%        7    #####..
 Animate Dead             Necr           N/A          22%         4    None
 Pain                     Necr           ###.         2%          1    None
 Animate Skeleton         Necr           N/A          2%          1    None
 Vampiric Draining        Necr           ###.......   7%          3    None
 Sticky Flame             Conj/Fire      ######..     1%          4    None
 Sublimation of Blood     Necr           ###.......   3%          2    None
 Spider Form              Tmut/Pois      ###.......   7%          3    None
 Blade Hands              Tmut           ###.......   52%         5    None
 Ice Form                 Ice/Tmut       #####...     8%          4    None
 Flame Tongue             Conj/Fire      #####        1%          1    None
 Ignite Poison            Fire/Tmut/Pois ####....     3%          3    None
 Sticks to Snakes         Tmut           ###.....     3%          2    None
 Alistair's Intoxication  Tmut/Pois      ###.....     52%         5    None
 Petrify                  Tmut/Erth      ###.....     22%         4    None
 Shroud of Golubria       Chrm/Tloc      ###.......   2%          2    None
 Inner Flame              Hex/Fire       #####...     2%          3    None
 Beastly Appendage        Tmut           ###...       2%          1    None
 Infusion                 Chrm           ###.         2%          1    None
 Song of Slaying          Chrm           ###.....     3%          2    None
 Spectral Weapon          Hex/Chrm       ###.....     7%          3    None


Dungeon Overview and Level Annotations

Branches:
Dungeon (11/15)            Temple (1/1) D:6
   Lair: D:8-11         Orc: D:9-12

Altars:
Ashenzari
Cheibriados
Dithmenos
Elyvilon
Fedhas
Gozag
Hepliaklqana
Kikubaaqudgha
Makhleb
Nemelex Xobeh
Okawaru
Qazlal
Ru
Sif Muna
Trog
Uskayaw
Vehumet
Wu Jian
Xom
Yredelemnul
Zin
The Shining One

Shops:
D:9 !(((


Message History

Aim: a basilisk The fireball explodes!
The fireball engulfs the elephant.
The elephant is severely wounded.
The fireball engulfs the basilisk.
The basilisk is heavily wounded.
The fireball engulfs the basilisk.
The basilisk is moderately wounded.
Sif Muna grants you divine energy.
You briefly lose access to your magic!
You hear a shout!
A big kobold comes into view. It is wielding a whip.
You are unable to access your magic!
Drop what? 39/52 slots (_ for help) (? for menu, Esc to quit)
Okay, then.
The basilisk gazes at you.
You easily resist.
The basilisk gazes at you.
You are slowing down.
Unknown command.
The howler monkey hoots and howls with incredible vigour!
The howler monkey hits you.
You hear a shout! x2; You hear a loud, deep croak!
Your limbs are stiffening.
There is a stone staircase leading up, spattered with blood here.
You regain access to your magic.
The howler monkey hoots and howls with incredible vigour!
The basilisk hisses menacingly.
The howler monkey hits you but does no damage.
You hear an angry hiss.
You have turned to stone.
The elephant tramples you.
You are shoved backwards!
You stop ascending the stairs.
The howler monkey hits you but does no damage.
The elephant tramples you.
You are shoved backwards!
The howler monkey hits you but does no damage.
The kobold demonologist casts a spell.
The elephant tramples you!!
* * * LOW HITPOINT WARNING * * *
You are shoved backwards!
The howler monkey hits you but does no damage.
The elephant tramples you!!
* * * LOW HITPOINT WARNING * * *
You are shoved backwards!
The elephant tramples you!
* * * LOW HITPOINT WARNING * * *
You are shoved backwards!
The elephant tramples you!
* * * LOW HITPOINT WARNING * * *
You are shoved backwards!
The howler monkey hoots and howls with incredible vigour!
You hear an angry hiss.
The elephant tramples you but does no damage.
The elephant trunk-slaps you but does no damage.
The howler monkey hits you!
* * * LOW HITPOINT WARNING * * *
The elephant tramples you!
* * * LOW HITPOINT WARNING * * *
You are shoved backwards!
The elephant tramples you.
* * * LOW HITPOINT WARNING * * *
You are shoved backwards!
The kobold demonologist casts a spell.
The elephant tramples you.
You die...

#<.# #K.#
##..# #
#...####..
#.K.......
####.K.......
#....Zl......
#...lYh......
#....@.......
#............
#............
#............
#............
#............
#...########.
#...


You could see an elephant, a kobold demonologist, 2 basilisks, a big kobold, a
howler monkey, a bullfrog zombie and a kobold.

Vanquished Creatures
  3 two-headed ogres
  A troll (D:11)
  Prince Ribbit (D:7)
  Grinder (D:5)
  3 hippogriffs
  A wraith (D:10)
  A yak (D:11)
  A hungry ghost (D:10)
  Menkaure (D:6)
  Edmund (D:4)
  A water moccasin (D:8)
  3 sky beasts
  3 orc warriors
  2 black bears
  An ice beast (D:8)
  An ogre (D:8)
  A phantom (D:5)
  7 centaurs
  3 big kobolds
  A gnoll sergeant (D:10)
  2 bullfrogs (D:8)
  A water moccasin zombie (D:10)
  A scorpion (D:4)
  4 killer bees (D:9)
  3 howler monkeys
  5 wights
  3 crimson imps
  A bullfrog zombie (D:8)
  5 hounds
  A jelly (D:5)
  A bullfrog skeleton (D:4)
  A centaur skeleton (D:6)
  4 orc priests
  4 orc wizards
  Jessica (D:2)
  8 worker ants
  Natasha (thrice) (D:2)
  An iguana (D:4)
  A hound skeleton (D:7)
  A worker ant zombie (D:9)
  12 adders
  5 gnolls (D:10)
  A river rat (Sewer)
  2 shadow imps
  5 oozes
  2 adder skeletons
  3 worms
  4 dart slugs (D:1)
  6 leopard geckos
  17 orcs
  3 giant cockroaches
  5 goblins
  5 hobgoblins
  12 jackals
  21 kobolds
  2 quokkas
  6 ball pythons
  7 bats
  2 quokka skeletons
  10 rats
218 creatures vanquished.

Vanquished Creatures (collateral kills)
  A scorpion (D:4)
  A worm (D:2)
2 creatures vanquished.

Grand Total: 220 creatures vanquished

Notes
Turn   | Place    | Note
-------+----------+-------------------------------------------
     0 | D:1      | Amnesiac the Deep Elf Wizard began the quest for the Orb.
     0 | D:1      | Reached XP level 1. HP: 10/10 MP: 7/7
   183 | D:1      | Reached skill level 1 in Fighting
   183 | D:1      | Reached XP level 2. HP: 16/16 MP: 6/9
   187 | D:1      | Learned a level 2 spell: Blink
   190 | D:1      | Learned a level 2 spell: Call Imp
   723 | D:1      | Reached XP level 3. HP: 20/20 MP: 8/11
   728 | D:1      | Learned a level 3 spell: Conjure Flame
   732 | D:1      | Learned a level 3 spell: Mephitic Cloud
  1153 | D:2      | Noticed Natasha
  1160 | D:2      | Killed Natasha
  1259 | D:2      | Reached XP level 4. HP: 27/27 MP: 4/12
  1417 | D:2      | Noticed Natasha
  1425 | D:2      | Killed Natasha
  1641 | D:2      | Found an iron altar of Okawaru.
  1693 | D:2      | Noticed Jessica
  1699 | D:2      | Killed Jessica
  1820 | D:2      | Noticed Natasha
  1826 | D:2      | Killed Natasha
  1826 | D:2      | Reached XP level 5. HP: 27/32 MP: 7/13
  3042 | D:4      | Reached XP level 6. HP: 35/38 MP: 2/14
  3380 | D:4      | Noticed a moth of wrath
  3382 | D:4      | Found a bloodstained altar of Trog.
  3550 | D:4      | Reached XP level 7. HP: 44/44 MP: 1/15
  3684 | D:4      | Noticed Edmund
  3748 | D:4      | Killed Edmund
  4047 | D:5      | Entered Level 5 of the Dungeon
  4080 | D:5      | Found a glowing drain.
  4092 | Sewer    | Entered a sewer
  4214 | Sewer    | Reached skill level 5 in Fighting
  4344 | Sewer    | Reached skill level 5 in Dodging
  5057 | D:5      | Reached XP level 8. HP: 51/51 MP: 12/16
  5105 | D:5      | Noticed Grinder
  5214 | D:5      | Killed Grinder
  6033 | D:6      | Noticed Menkaure
  6041 | D:6      | Killed Menkaure
  6281 | D:6      | Found a staircase to the Ecumenical Temple.
  6696 | Temple   | Entered the Ecumenical Temple
  6746 | Temple   | Became a worshipper of Sif Muna the Loreminder
  6797 | D:7      | Reached skill level 5 in Spellcasting
  6894 | D:7      | Noticed Prince Ribbit
  6905 | D:7      | Killed Prince Ribbit
  6905 | D:7      | Reached skill level 6 in Spellcasting
  6905 | D:7      | Reached XP level 9. HP: 47/57 MP: 7/21
  6929 | D:7      | Reached skill level 7 in Spellcasting
  7059 | D:7      | Noticed a two-headed ogre
  7093 | D:7      | Killed a two-headed ogre
  7093 | D:7      | Reached * piety under Sif Muna
  7093 | D:7      | Reached skill level 9 in Spellcasting
  7126 | D:7      | Learned a level 3 spell: Regeneration
  7285 | D:7      | Reached skill level 10 in Spellcasting
  7422 | D:7      | Learned a level 5 spell: Fireball
  7431 | D:7      | Reached skill level 1 in Fire Magic
  7839 | D:8      | Found a shimmering altar of Xom.
  7904 | D:8      | Reached ** piety under Sif Muna
  7993 | D:8      | Reached skill level 5 in Fire Magic
  8062 | D:8      | Reached skill level 5 in Conjurations
  8129 | D:8      | Reached XP level 10. HP: 43/63 MP: 0/26
  8296 | D:8      | Learned a level 5 spell: Irradiate
  8376 | D:8      | Got a jewelled shortbow
  8512 | D:9      | Found Unwimeb's Weapon Shoppe.
  8542 | D:9      | Found Xuwk's Antique Weapon Shoppe.
  8577 | D:9      | Found Fiuckerr's Weapon Shoppe.
  8578 | D:9      | Noticed a two-headed ogre
  8585 | D:9      | Reached skill level 11 in Spellcasting
  8588 | D:9      | HP: 3/63 [orc priest/divine providence (16)]
  8595 | D:9      | Killed a two-headed ogre
  8595 | D:9      | Reached skill level 12 in Spellcasting
  8805 | D:9      | Identified the +1 shortbow of Ycua {velocity, SInv} (You found it on level 8 of the Dungeon)
  8884 | D:9      | Reached *** piety under Sif Muna
  9311 | D:9      | Found Gumefieb's Distillery.
  9316 | D:9      | Bought a potion of heal wounds for 60 gold pieces
  9316 | D:9      | Bought a potion of haste for 120 gold pieces
  9316 | D:9      | Bought a potion of flight for 36 gold pieces
  9316 | D:9      | Bought a potion of degeneration for 12 gold pieces
  9316 | D:9      | Bought a potion of berserk rage for 60 gold pieces
  9318 | D:9      | Bought a potion of heal wounds for 60 gold pieces
  9318 | D:9      | Bought a potion of haste for 120 gold pieces
  9531 | D:10     | Entered Level 10 of the Dungeon
  9611 | D:10     | Reached skill level 13 in Spellcasting
  9624 | D:10     | Learned a level 6 spell: Freezing Cloud
  9704 | D:10     | Reached skill level 1 in Ice Magic
 10196 | D:10     | Reached **** piety under Sif Muna
 10196 | D:10     | Reached skill level 5 in Ice Magic
 10355 | D:11     | Noticed a two-headed ogre
 10361 | D:11     | Learned a level 2 spell: Poisonous Vapours
 10378 | D:11     | Killed a two-headed ogre
 10378 | D:11     | Noticed an elephant
 10389 | D:11     | Reached XP level 11. HP: 44/67 MP: 2/30
 10402 | D:11     | HP: 3/67 [elephant (8)]
 10403 | D:11     | HP: 1/67 [elephant (2)]
 10404 | D:11     | Slain by an elephant

Vault maps used:
D:1:      minmay_arrival_diagonal_passages
D:2:      minivault_11, minivault_5, okawaru_gym_becter, uniq_natasha,
          uniq_jessica
D:4:      tgw_trog, first_ration, uniq_edmund
D:5:      cheibrodos_sewer_entry_sluice, kennysheep_cluttered_room, uniq_grinder
D:6:      minmay_temple_entry_enclosed_plants, uniq_menkaure
D:7:      uniq_prince_ribbit1
D:8:      basic_altar, grunt_ogre_cave, minmay_bent
D:9:      serial_shops, shop_statue, nicolae_shop_waterfront,
          nicolae_shop_statue_plus, kennysheep_mini, grunt_decor_clamped,
          kennysheep_generic_room_7
D:11:     david_lair_generic, enter_bailey_7, roderic_malta_cross
Temple:   compressed_dpeg_circular_temple
Sewer:    sewer_co_15_rooms

Skill      XL: |  1  2  3  4  5  6  7  8  9 10 |
---------------+-------------------------------+-----
Fighting       | 1 2 3 4 5 7 |  7.2
Conjurations   | 2 3 4 5 6 |  6.9
Dodging        | 3 4 5 7 |  7.2
Spellcasting   | 6 10 13 | 13.0
Fire Magic     | 5 |  5.0
Ice Magic      | 5 |  5.0
Stealth        | |  2.4
Summonings     | |  1.1
Translocations | |  1.1

Action                   |  1- 3 |  4- 6 |  7- 9 | 10-12 || total
-------------------------+-------+-------+-------+-------++-------
Melee: Unarmed           |     6 |     3 |       |       ||     9
       Dire flail        |       |       |    34 |       ||    34
       Dagger            |       |       |     9 |    26 ||    35
 Cast: Magic Dart        |    86 |   149 |   269 |    75 ||   579
       Call Imp          |     3 |     3 |       |       ||     6
       Mephitic Cloud    |       |     2 |    10 |       ||    12
       Conjure Flame     |       |     1 |    21 |     1 ||    23
       Fireball          |       |       |    16 |    50 ||    66
       Poisonous Vapours |       |       |       |     6 ||     6
Invok: Divine Energy     |       |       |     1 |       ||     1
Evoke: Wand              |       |       |     6 |       ||     6
  Use: Scroll            |       |       |     1 |     6 ||     7
       Potion            |       |       |       |     2 ||     2
 Stab: Paralysed         |       |       |    11 |       ||    11
  Eat: Chunk             |     1 |     7 |    12 |     8 ||    28
       Ration            |       |       |     1 |       ||     1
Armor: Robe              |       |    12 |    24 |    18 ||    54
Dodge: Dodged            |    12 |    18 |   103 |    34 ||   167
       Deflected         |       |       |     4 |       ||     4

Table legend:
 A = Spawn XP
 B = Non-spawn XP
 C = Spawn XP percentage of total XP
 D = Spawn monster count
 E = Non-spawn monster count
 F = Spawn count percentage of total count
 G = Total turns spent on level
                    A         B        C        D         E        F      G
               +---------+---------+-------+---------+---------+-------+---------
         Total |       0 |   10990 |   0.0 |       0 |     220 |   0.0 | 10404
               +---------+---------+-------+---------+---------+-------+---------
           D:1 |       0 |      46 |   0.0 |       0 |      21 |   0.0 |  1040
           D:2 |       0 |     184 |   0.0 |       0 |      16 |   0.0 |  1137
           D:3 |       0 |      65 |   0.0 |       0 |      13 |   0.0 |   761
           D:4 |       0 |     607 |   0.0 |       0 |      19 |   0.0 |  1128
           D:5 |       0 |     768 |   0.0 |       0 |      24 |   0.0 |  1039
           D:6 |       0 |     565 |   0.0 |       0 |      12 |   0.0 |  1258
           D:7 |       0 |    1915 |   0.0 |       0 |      23 |   0.0 |   942
           D:8 |       0 |    1472 |   0.0 |       0 |      13 |   0.0 |   780
           D:9 |       0 |    1955 |   0.0 |       0 |      22 |   0.0 |  1019
          D:10 |       0 |    1757 |   0.0 |       0 |      36 |   0.0 |   824
          D:11 |       0 |    1499 |   0.0 |       0 |       4 |   0.0 |    49
         Sewer |       0 |     157 |   0.0 |       0 |      17 |   0.0 |   369
               +---------+---------+-------+---------+---------+-------+---------
